 Dungeon Crawl Stone Soup version 0.28.0-45-g0d030f2227 (webtiles) character file.

Game seed: 7864723326951032118

25 terff the Charlatan (level 2, 0/14 HPs)
             Began as a Spriggan Artificer on Apr 9, 2022.
             Was a Priest of Jiyva.
             Slain by a gnoll
             ... wielding a +0 spear
              (5 damage)
             ... on level 3 of the Dungeon.
             The game lasted 00:03:27 (1923 turns).

terff the Charlatan (Spriggan Artificer)            Turns: 1923, Time: 00:03:30

Health: 0/14       AC:  4    Str:  8    XL:     2   Next: 86%
Magic:  3/3        EV: 18    Int: 12    God:    Jiyva [***...]
Gold:   58         SH:  0    Dex: 15    Spells: 1/1 levels left

rFire   . . .      SeeInvis +   a - +0 club
rCold   . . .      Faith    .   (no shield)
rNeg    . . .      Spirit   .   b - +0 robe
rPois   .          Reflect  .   i - +2 hat
rElec   .          Harm     .   (no cloak)
rCorr   +          Rampage  .   (gloves unavailable)
Will    .....                   (boots unavailable)
Stlth   ++........              (no amulet)
HPRegen 1.16/turn               (no ring)
MPRegen 0.43/turn               (no ring)

@: very quick
A: very small, no large weapons, unfitting armour, see invisible, speed 3
a: Renounce Religion, Oozemancy


You were on level 3 of the Dungeon.
You worshipped Jiyva.
Jiyva was most pleased with you.
You visited 1 branch of the dungeon, and saw 3 of its levels.

You collected 58 gold pieces.

Inventory:

Hand Weapons
 a - a +0 club (weapon)
Armour
 b - a +0 robe (worn)
 i - a +2 hat (worn)
Wands
 c - a wand of flame (14) (quivered)
 d - a wand of charming (13)
Scrolls
 h - a scroll of magic mapping {unknown}
Potions
 f - a potion of mutation {unknown}
 g - 2 potions of curing {unknown}
Miscellaneous
 e - a piece from Xom's chessboard (15/15)


   Skills:
 + Level 0.7 Fighting
 + Level 0.3 Maces & Flails
 + Level 4.2 Dodging
 + Level 1.6 Stealth
 + Level 4.5 Evocations


You had one spell level left.
You didn't know any spells.
Your spell library was empty.

Dungeon Overview and Level Annotations

Branches:
Dungeon (3/15)

Altars:
Fedhas
Jiyva


Innate Abilities, Weirdness & Mutations

You are very small and have problems with some larger weapons.
You are too small for most types of armour.
You have supernaturally acute eyesight. (SInv)
You cover ground extremely quickly. (Speed+++)


Message History

The gnoll hits your gnoll with a +0 flail.
Your gnoll hits the gnoll with a +0 flail!
The gnoll hits your gnoll with a +0 flail!
Your gnoll dies!
The gnoll shouts!
The gnoll misses you. The gnoll barely misses you.
Things that are here:
a +0 flail; a gnoll corpse You barely miss the gnoll.
The gnoll is severely wounded.
The gnoll barely misses you. The gnoll misses you.
You hit the gnoll.
The gnoll is almost dead.
The gnoll barely misses you. x2
You completely miss the gnoll.
The gnoll is almost dead.
The gnoll closely misses you.
The gnoll hits you from afar with a +0 spear.
The gnoll completely misses you.
You barely miss the gnoll.
The gnoll is almost dead.
The gnoll hits you from afar with a +0 spear.
The gnoll closely misses you.
The gnoll hits you from afar with a +0 spear.
You barely miss the gnoll.
The gnoll is almost dead.
The gnoll misses you.
The gnoll hits you from afar with a +0 spear.
You hit the gnoll but do no damage.
The gnoll is almost dead.
The gnoll misses you.
The gnoll hits you from afar with a +0 spear.
* * * LOW HITPOINT WARNING * * *
Aiming: Throw Flame
Press: ? - help, Shift-Dir - straight line, f - gnoll
Aim: a gnoll, wielding a +0 spear (77% to hit)
The puff of flame hits the gnoll.
You kill the gnoll!
The gnoll hits you from afar with a +0 spear.
You die...

####.........#.....#
...........#.#.....#
.......##..........#
...........#.#.....#
...........#.#.<...#
######.......#######
####.#### #.# #@#
#)##########
#.g.g.......
#####.##.##. .# .#
g# gg ##


You could see a gnoll.

Vanquished Creatures
  A gnoll (D:3)
  5 ball pythons
  4 goblins
  A hobgoblin (D:2)
  3 jackals (D:3)
  3 kobolds
  A quokka (D:1)
  2 bats
  2 frilled lizards (D:1)
  3 rats
25 creatures vanquished.

Vanquished Creatures (others)
  A gnoll (D:3)
  An adder (D:2)
  A worm (D:3)
  A dart slug (D:1)
  3 ball pythons
  An endoplasm (D:3)
  3 giant cockroaches
  A hobgoblin (D:1)
  2 bats (D:2)
  A rat (D:1)
15 creatures vanquished.

Grand Total: 40 creatures vanquished

Notes
Turn   | Place    | Note
-------+----------+-------------------------------------------
     0 | D:1      | terff the Spriggan Artificer began the quest for the Orb.
     0 | D:1      | Reached XP level 1. HP: 9/9 MP: 2/2
    29 | D:1      | Found a faded altar of an unknown god.
    59 | D:1      | Prayed at the altar of an unknown god.
    59 | D:1      | Became a worshipper of Jiyva Jeakacoe the Shapeless
    59 | D:1      | Reached * piety under Jiyva
   225 | D:1      | Reached XP level 2. HP: 14/14 MP: 3/3
   583 | D:1      | Reached ** piety under Jiyva
  1305 | D:2      | Found a blossoming altar of Fedhas.
  1737 | D:3      | Reached *** piety under Jiyva
  1923 | D:3      | Slain by a gnoll

Illustrated notes

Levels and vault maps discovered:
D:1:      minmay_arrival_three_doors, layout_basic,
          ebering_ecumenical_altar_mist
D:2:      layout_loops_ring, basic_altar, hangedman_decor_push
D:3:      layout_loops_cross

Skill      XL: |  1  2 |
---------------+-------+-----
Dodging        | 4 |  4.2
Fighting       | |  0.7
Maces & Flails | |  0.3
Stealth        | |  1.6
Evocations     | |  4.5

Action                   || total
-------------------------++-------
Melee: Club              ||   179
       Punch             ||     2
Evoke: Wand              ||     3
 Stab: Sleeping          ||     2
Armor: Robe              ||    23
Dodge: Dodged            ||   227
